 Dungeon Crawl Stone Soup version 0.31-a0-977-gc230f8ef24 (webtiles) character file.

Game seed: 15888804108944241948

84 Shayle the Trooper (level 4, 0/28 HPs)
             Began as a Tengu Hexslinger on Oct 29, 2023.
             Succumbed to Crazy Yiuf's poison
             ... on level 2 of the Dungeon.
             The game lasted 00:02:54 (1834 turns).

Shayle the Trooper (Tengu Hexslinger)               Turns: 1834, Time: 00:02:55

Health: 0/28       AC:  5    Str:  5 (8)  XL:     4   Next: 46%
Magic:  3/6        EV:  9    Int: 13 (16) God:
Gold:   96         SH:  5    Dex: 13 (16) Spells: 3/5 levels left

rFire   . . .        a - +1 sling
rCold   . . .        (no shield)
rNeg    . . .        n - +0 ring mail
rPois   .            (helmet restricted)
rElec   .            (no cloak)
rCorr   .            (no gloves)
SInv    .            (boots unavailable)
Will    +....        h - amulet of reflection
Stlth   +            (no ring)
HPRegen 0.24/turn    (no ring)
MPRegen 0.10/turn

%: reflection, acrobat
@: lethally poisoned (0 -> -14), enlightened, flying
A: beak, talons 3, acrobatic
a: no special abilities


You were on level 2 of the Dungeon.
You visited 1 branch of the dungeon, and saw 3 of its levels.

You collected 96 gold pieces.

Inventory:

Hand Weapons
 a - a +1 sling (weapon)
 i - a +3 short sword
Armour
 c - a +0 robe
 n - a +0 ring mail (worn)
Jewellery
 h - an amulet of reflection (around neck)
Scrolls
 b - 2 scrolls of poison
 d - 2 scrolls of teleportation {unknown}
 f - a scroll of blinking {unknown}
 l - a scroll of noise {unknown}
 o - a scroll of identify {unknown}
Potions
 e - a potion of might {unknown}
 k - a potion of degeneration
 m - a potion of brilliance {unknown}
 p - a potion of mutation {unknown}


   Skills:
 + Level 3.0 Fighting
 - Level 2.1 Ranged Weapons
 - Level 2.1 Dodging
 + Level 2.9 Unarmed Combat
 - Level 1.0 Spellcasting
 - Level 2.1 Hexes
 - Level 1.1 Fire Magic


You had 3 spell levels left.
You knew the following spells:

 Your Spells              Type           Power      Damage    Failure   Level
a - Jinxbite              Hex            12%        N/A       63%         2

Your spell library contained the following spells:

 Spells                   Type           Power      Damage    Failure   Level
 Sigil of Binding         Hex            6%         N/A       86%         3
 Sublimation of Blood     Necr           0%         N/A       90%         2
 Wereblood                Tmut           0%         N/A       90%         2
 Inner Flame              Hex/Fire       4%         N/A       91%         3
 Cause Fear               Hex            3%         N/A       99%         4
 Dimensional Bullseye     Hex/Tloc       1%         N/A       100%        4
 Summon Hydra             Summ           0%         N/A       100%        7


Dungeon Overview and Level Annotations

Branches:
Dungeon (3/15)

Altars:
Nemelex Xobeh
Xom
Zin

Annotations:
D:2 Crazy Yiuf
D:3 Robin


Innate Abilities, Weirdness & Mutations

You have a beak for a mouth.
You have claws for feet.
You can magically evade attacks while moving or waiting.


Message History

The sling bullet hits Crazy Yiuf but does no damage.
Crazy Yiuf is moderately wounded.
Crazy Yiuf yells, "Action!
Rot tired bush."
Crazy Yiuf hits you with a +4 quarterstaff of chaos!
Ouch! That really hurt!
* * * LOW HITPOINT WARNING * * *
You are confused.
You are too injured to fight recklessly!
You feel much better.
Crazy Yiuf hits you with a +4 quarterstaff of chaos!
Crazy Yiuf burns you.
* * * LOW HITPOINT WARNING * * *
You barely miss Crazy Yiuf.
Crazy Yiuf is moderately wounded.
Crazy Yiuf closely misses you. x2
You closely miss Crazy Yiuf. You claw Crazy Yiuf.
Crazy Yiuf is moderately wounded.
Crazy Yiuf hits you with a +4 quarterstaff of chaos!
* * * LOW HITPOINT WARNING * * *
You feel your power leaking away.
You feel much better.
You feel less confused. You block Crazy Yiuf's attack.
You shoot a sling bullet.
The sling bullet barely misses Crazy Yiuf.
Crazy Yiuf closely misses you.
Crazy Yiuf hits you with a +4 quarterstaff of chaos!
* * * LOW HITPOINT WARNING * * *
You are lethally poisoned!
It was a potion of degeneration.
There was something very wrong with that liquid.
You feel weakened.
You feel dopey.
You feel clumsy.
* * * LOW HITPOINT WARNING * * *
You feel very sick.
Crazy Yiuf laughs, "Lay!"
Crazy Yiuf completely misses you.
It was a potion of enlightenment.
You feel very buoyant.
You fly up into the air.
You die...

# #.# # #.# #.# ###
##### ######## #...#
.......### ♣♣♣♣♣####.#
####.....# ###
♣♣♣.♣.)..##.##
.....#.###
#...#♣..♣.........####
######.###
#...g@♣♣♣♣...)..#.....
#...# #)..#♣♣
♣♣.......#### #####
### ♣♣####.### #.....#
#.....# ### ####.....#
#### #.# #........#
...# #.##
####.#......#
##.########..#
#......#.####


You could see Crazy Yiuf.

Vanquished Creatures
  Natasha (D:2)
  An adder (D:3)
  A dart slug (D:1)
  4 endoplasms
  2 giant cockroaches (D:1)
  7 goblins
  8 hobgoblins
  3 jackals (D:2)
  3 kobolds
  3 quokkas
  3 ball pythons
  3 bats
  3 rats (D:1)
42 creatures vanquished.

Notes
Turn   | Place    | Note
-------+----------+-------------------------------------------
     0 | D:1      | Shayle the Tengu Hexslinger began the quest for the Orb.
     0 | D:1      | Reached XP level 1. HP: 12/12 MP: 3/3
   178 | D:1      | Reached skill level 1 in Unarmed Combat
   178 | D:1      | Reached XP level 2. HP: 16/16 MP: 4/4
   358 | D:1      | Reached skill level 2 in Fighting
   468 | D:1      | Reached XP level 3. HP: 21/21 MP: 5/5
   471 | D:1      | Learned a level 2 spell: Jinxbite
   718 | D:1      | You fall into a shaft and drop 1 floor!
  1094 | D:2      | Noticed Natasha
  1103 | D:2      | Killed Natasha
  1104 | D:2      | Reached XP level 4. HP: 27/27 MP: 3/6
  1210 | D:2      | Found a runed translucent door.
  1211 | D:2      | Noticed Crazy Yiuf
  1518 | D:3      | Found a shimmering altar of Xom.
  1526 | D:3      | Found a glowing silver altar of Zin.
  1531 | D:3      | Found a sparkling altar of Nemelex Xobeh.
  1727 | D:3      | Noticed Robin
  1740 | D:2      | Reached skill level 3 in Fighting
  1830 | D:2      | HP: 1/28 [Crazy Yiuf/+4 quarterstaff of chaos (8)]
  1834 | D:2      | Succumbed to Crazy Yiuf's poison

Illustrated notes

Levels and vault maps discovered:
D:1:      onia_arrival_mini_maze_b, layout_basic, minmay_tall_x
D:2:      layout_loops_ring, uniq_natasha, uniq_crazy_yiuf_cottage
D:3:      layout_loops_ring, grunt_temple_overflow_diamond, uniq_robin

Skill      XL: |  1  2  3  4 |
---------------+-------------+-----
Unarmed Combat | 1 2 |  2.9
Fighting       | 2 3 |  3.0
Ranged Weapons | |  2.1
Dodging        | |  2.1
Spellcasting   | |  1.0
Hexes          | |  2.1
Fire Magic     | |  1.1

Action                     |  1- 3 |  4- 6 || total
---------------------------+-------+-------++-------
  Melee: Sling             |       |     2 ||     2
         Kick              |       |     1 ||     1
   Fire: Sling             |   107 |    35 ||   142
   Cast: Jinxbite          |     1 |       ||     1
    Use: Potion            |     1 |     4 ||     5
 Armour: Robe              |    22 |       ||    22
         Ring mail         |       |    27 ||    27
  Dodge: Dodged            |    29 |    21 ||    50
  Block: Other             |     7 |     9 ||    16

Table legend: (Time is in decaauts)
 A = Elapsed time spent in this place.
 B = Non-inter-level travel time spent in this place.
 C = Inter-level travel time spent in this place.
 D = Time resting spent in this place.
 E = Time spent auto-exploring this place.
 F = Levels seen in this place.
 G = Mean time per level.
                   A        B        C        D        E       F      G
               +--------+--------+--------+--------+--------+-----+--------+
         Total |   1883 |   1841 |     42 |      0 |   1465 |   3 |  627.7 |
       Dungeon |   1883 |   1841 |     42 |      0 |   1465 |   3 |  627.7 |
               +--------+--------+--------+--------+--------+-----+--------+

Top non-repeatable levels by time:
     D:2: 903 daAuts
     D:1: 742 daAuts
     D:3: 237 daAuts
